cohdb
Replays
Latest Replays
All Replays
Popular Replays
Top Player Replays
Match Explorer
How It Works
Community
CoH3 Stats
Reddit
Sign in to upload your games and track your stats! →
Sign in with Steam
Match 43039027
Unlisted
Match 43039027
Overview
Messages
Build Orders
End
Kradschützen Motorcycle Team
Panzergrenadier Squad
Panzerpioneer Squad
Construct Light Support Kompanie
Selects Panzerjäger Kommand Battlegroup
Selects Mine Fields
Selects Tank Busters
Construct Mechanized Kompanie
Panzergrenadier Squad
Support Armor Elements
StuG III D Assault Gun
Bish Bash Bosh
just a chill world leader ♡
Sandman907
Tyberos
AmERICan
9Dragons
0
0
Comments
sign in to comment!
No comments posted yet!